 Dungeon Crawl Stone Soup version 0.18.1-50-g88ac8fd (webtiles) character file.

220145 lorenzova the Eclecticist (level 18, -1/85 HPs)
             Began as a Deep Elf Conjurer on Oct 21, 2016.
             Was the Champion of Sif Muna.
             Slain by a wolf spider (17 damage)
             ... on level 4 of the Spider Nest on Oct 22, 2016.
             The game lasted 04:02:19 (63888 turns).

lorenzova the Eclecticist (Deep Elf Conjurer)      Turns: 63888, Time: 04:02:21

Health: -1/85      AC: 16    Str:  9      XL:     18   Next: 84%
Magic:  29/44      EV: 17    Int: 35      God:    Sif Muna [******]
Gold:   2362       SH: 11    Dex: 15 (17) Spells: 11 memorised, 2 levels left

rFire  + . .     SeeInvis +     W - +7 long sword "Ziklumeo" {freeze, Str+4}
rCold  . . .     Gourm    .     T - +3 leather armour "Waebub" {rF+ Regen+ Dex+2 Stlth+}
rNeg   . . .     Faith    .     k - +2 buckler {AC+3}
rPois  .         Spirit   .     w - +2 hat {MR+}
rElec  +         Dismiss  .     f - +1 cloak
rCorr  .         Reflect  +     n - +1 pair of gloves
SustAt .         Harm     .     (no boots)
MR     ++...                    L - +4 amulet of reflection
Stlth  ++++++....               U - ring of Finality {Int+2 SInv}
                                t - ring of Idoth {rElec Int+4}

@: hasted, deflect missiles, very quick, very resistant to hostile enchantments,
very stealthy
A: fangs 1
a: Channel Energy, Forget Spell, Renounce Religion


You were on level 4 of the Spider Nest.
You worshipped Sif Muna.
Sif Muna was exalted by your worship.
You were not hungry.

You visited 7 branches of the dungeon, and saw 34 of its levels.
You also visited: Ice Cave and Wizlab.

You collected 3306 gold pieces.
You spent 944 gold pieces at shops.

Inventory:

Hand Weapons
 W - the +7 long sword "Ziklumeo" (weapon) {freeze, Str+4}
   (You found it on level 6 of the Lair of Beasts)

   It has been specially enchanted to freeze those struck by it, causing extra
   injury to most foes and up to half again as much damage against particularly
   susceptible opponents.
   It can also slow down cold-blooded creatures.
   It affects your strength (+4).
Armour
 f - a +1 cloak (worn)
 k - a +2 buckler of protection (worn)
 n - a +1 pair of gloves (worn)
 w - a +2 hat of magic resistance (worn)
 T - the +3 leather armour "Waebub" (worn) {rF+ Regen+ Dex+2 Stlth+}
   (You found it in an ice cave)

   It affects your dexterity (+2).
   It protects you from fire.
   It increases your rate of regeneration.
   It makes you more stealthy.
 V - the +4 leather armour "Erung" {*Corrode rC++ MP+9 Dex+4}
   (You bought it in a shop on level 10 of the Dungeon)

   It affects your dexterity (+4).
   It greatly protects you from cold.
   It affects your magic capacity (+9).
   It may corrode you when you take damage.
Magical Staves
 d - an uncursed staff of fire
 y - an uncursed staff of cold
Jewellery
 o - the ring of Kuschen {rF+ rC+ Str-3 Int+3}
   (You found it in a wizard's laboratory)

   [ring of strength]

   It affects your strength (-3).
   It affects your intelligence (+3).
   It protects you from fire.
   It protects you from cold.
 p - the ring of Imufunar {*Confuse rElec rF++ MP+9}
   (You found it on level 12 of the Dungeon)

   [ring of magical power]

   It greatly protects you from fire.
   It insulates you from electricity.
   It affects your magic capacity (+9).
   It may confuse you when you take damage.
 q - an uncursed ring of resist corrosion
 t - the ring of Idoth (left hand) {rElec Int+4}
   (You found it on level 6 of the Lair of Beasts)

   [ring of intelligence]

   It affects your intelligence (+4).
   It insulates you from electricity.
 F - an uncursed ring of positive energy
 L - a +4 amulet of reflection (around neck)
 R - an uncursed amulet of rage
 U - the ring of Finality (right hand) {Int+2 SInv}
   (You found it in an ice cave)

   [ring of see invisible]

   It affects your intelligence (+2).
   It lets you see invisible.
 Z - an uncursed ring of protection from cold
Wands
 v - a wand of iceblast (1/15)
 x - a wand of teleportation (2/9)
 D - a wand of digging (0/24)
 I - a wand of teleportation (2/9)
Scrolls
 b - 3 scrolls of fear
 l - 2 scrolls of blinking
 r - 5 scrolls of amnesia
 s - 6 scrolls of magic mapping
 u - 5 scrolls of enchant armour
 B - 2 scrolls of fog
 C - 8 scrolls of teleportation
 G - 12 scrolls of remove curse
 M - 5 scrolls of summoning (quivered)
 Q - 5 scrolls of vulnerability
 S - 2 scrolls of recharging
Potions
 a - a potion of curing
 e - a potion of haste
 g - 3 potions of might
 h - 2 potions of agility
 i - 2 potions of cure mutation {cure mut}
 z - 4 potions of flight
 E - 2 potions of heal wounds
 H - a potion of lignification
 J - 2 potions of ambrosia
 K - 2 potions of magic
 O - 6 potions of brilliance
Books
 A - a book of Geomancy

   Spells                             Type                      Level
   a - Sandblast                      Earth                        1
   b - Passwall                       Transmutation/Earth          2
   c - Stone Arrow                    Conjuration/Earth            3
   d - Petrify                        Transmutation/Earth          4
   e - Lee's Rapid Deconstruction     Earth                        5
 N - Sif Muna's Volume of Fiery Confrontation
   (Sif Muna gifted it to you on level 4 of the Spider Nest)

   Spells                             Type                      Level
   a - Throw Icicle                   Conjuration/Ice              4
   b - Bolt of Draining               Conjuration/Necromancy       5
   c - Irradiate                      Conjuration/Transmutation    5
   d - Bolt of Fire                   Conjuration/Fire             6
   e - Ring of Flames                 Charms/Fire                  7
   f - Orb of Destruction             Conjuration                  7
   g - Fire Storm                     Conjuration/Fire             9
 P - Sif Muna's Grimoire of Burning Attacks
   (Sif Muna gifted it to you on level 2 of the Spider Nest)

   Spells                             Type                      Level
   a - Shock                          Conjuration/Air              1
   b - Iskenderun's Battlesphere      Conjuration/Charms           5
   c - Delayed Fireball               Conjuration/Fire             7
 X - a Young Poisoner's Handbook

   Spells                             Type                      Level
   a - Sting                          Conjuration/Poison           1
   b - Cure Poison                    Poison                       2
   c - Mephitic Cloud                 Conjuration/Poison/Air       3
   d - Olgreb's Toxic Radiance        Poison                       4
   e - Venom Bolt                     Conjuration/Poison           5
Miscellaneous
 j - a phantom mirror
 m - a crystal ball of energy
Comestibles
 c - 4 meat rations
 Y - a bread ration


   Skills:
 - Level 6.1 Armour
 + Level 10.0 Dodging
 + Level 11.0 Stealth
 - Level 4.1 Shields
 * Level 20.9 Spellcasting
 * Level 18.4 Conjurations
 - Level 11.3 Charms
 - Level 11.4 Translocations
 - Level 10.9 Fire Magic
 * Level 6.6 Ice Magic
 - Level 8.5 Air Magic
 - Level 6.0 Invocations
 - Level 6.0 Evocations


You had 2 spell levels left.
You knew the following spells:

 Your Spells              Type           Power        Failure   Level  Hunger
a - Magic Dart            Conj           ####         0%          1    None
b - Iskenderun's Battles  Conj/Chrm      #######.     1%          5    None
c - Iskenderun's Mystic   Conj           ########     0%          4    None
d - Deflect Missiles      Chrm/Air       #######...   2%          6    None
e - Conjure Ball Lightni  Conj/Air       #######...   1%          6    None
f - Fireball              Conj/Fire      #######...   1%          5    None
h - Haste                 Chrm           #######.     1%          6    None
k - Dispersal             Tloc           #######...   1%          6    None
n - Bolt of Cold          Conj/Ice       #######...   1%          6    None
o - Orb of Destruction    Conj           ########..   1%          7    None
s - Sticky Flame          Conj/Fire      #######.     1%          4    None


Dungeon Overview and Level Annotations

Branches:
Dungeon (15/15)            Temple (0/1) D:7            Lair (8/8) D:10
  Swamp (0/4) Lair:5       Spider (4/4) Lair:6        Slime (1/6) Lair:6
    Orc (2/2) D:12            Elf (3/3) Orc:2        Vaults (0/5) D:14
 Depths (0/5) D:15           Hell (1/1)
    Dis: Hell:1         Geh: Hell:1         Coc: Hell:1         Tar: Hell:1

Altars:
Dithmenos
Elyvilon
Fedhas
Kikubaaqudgha
Makhleb
Okawaru
Pakellas
Qazlal
Sif Muna
Trog
Zin
Beogh
Jiyva

Shops:
D:10 [   Orc:1 :   Orc:2 (**:

Portals:
Hell: Lair:8
Trove: D:11 (give horn of Geryon)

Annotations:
D:4 Rationalist's ghost, amateur MiGl
Hell Geryon


Innate Abilities, Weirdness & Mutations

You have very sharp teeth.


Message History

Aiming: Iskenderun's Mystic Blast
Press: ? - help, Shift-Dir - straight line, f - wolf spider
Aim: a wolf spider The orb of energy hits the wolf spider.
The wolf spider is heavily wounded.
The orb of energy explodes!
The mystic blast hits the redback.
The redback is heavily wounded.
You block the redback's attack. The wolf spider hits you!
* * * LOW HITPOINT WARNING * * *
The wolf spider barely misses you.
Drink which item? (? for menu, Esc to quit)
You feel much better. The redback bites you! The wolf spider misses you.
The wolf spider bites you but does no damage.
The redback barely misses you. The wolf spider closely misses you.
The wolf spider misses you.
Drink which item? (? for menu, Esc to quit)
You feel yourself speed up. The redback bites you!
* * * LOW HITPOINT WARNING * * *
The wolf spider hits you!
You die...

!.#.........##^.^.^#..#........
..##.......^#.....##...........
...##^......#....##...^........
..^.##^.........##^...........#
#....^.........##.........^..##
..............##^.......§...##.
............#.#...^.#########..
....#.................^...^....
....###...[^†.@................
....#........ss.^............^.
............†....^...........##
.........###....######....[...#
^^.≈..^^.# #.........#.........
..^#^...^# #.^.......#..^#....^
..≈#..^.^# ##^#.....##...#....#
.. #.....# ###......#...#.....
#...p≈## #....†^.#...#..^..


You could see a wolf spider and a redback.

Vanquished Creatures
  A mutant beast (WizLab)
  Asterion (Elf:2)
  Gastronok (D:12)
  Frances (Spider:1)
  The ghost of PeterLawrence the Warrior, an adept MiFi of Okawaru (Spider:2)
  Wiglaf (Spider:3)
  Maud (D:12)
  An orc warlord (Orc:1)
  4 ghost moths
  A deep elf sorcerer (Elf:2)
  Louise (Elf:2)
  A ghost moth (shapeshifter) (WizLab)
  6 emperor scorpions
  An angel (D:14)
  5 very ugly things (WizLab)
  A deep elf demonologist (Elf:2)
  2 dire elephants (Lair:8)
  4 vault guards (D:14)
  The ghost of olma the Warrior, a journeyman MiBe of Trog (Lair:1)
  Erolcha (Orc:1)
  2 deep elf death magi (Elf:1)
  A rakshasa (D:15)
  8 hydras
  Harold (D:12)
  An entropy weaver (Spider:2)
  2 catoblepae
  2 centaur warriors
  26 dancing weapons
  An ogre mage (D:15)
  4 orc high priests (Orc:2)
  2 tengu warriors (D:13)
  5 death yaks (Lair:5)
  16 deep elf knights
  5 iron golems
  A shock serpent (shapeshifter) (D:15)
  2 fire crabs (shapeshifter) (WizLab)
  2 unseen horrors
  A death drake (shapeshifter) (WizLab)
  A deep troll (shapeshifter) (WizLab)
  8 deep elf archers (Elf:1)
  2 giant orange brains (shapeshifter) (WizLab)
  4 lindwurms (Lair:3)
  Pikel (D:5)
  2 wizards
  7 hill giants
  A giant orange brain (D:15)
  An orb spider (shapeshifter) (WizLab)
  3 hornets
  19 orb spiders
  45 deep elf magi
  7 orc knights
  2 griffons
  5 orc sorcerers
  12 ugly things
  2 cyclopes
  8 elephants
  27 wolf spiders
  3 moths of wrath
  A manticore (D:14)
  A sixfirhy (Lair:8)
  9 black mambas
  A moth of wrath (shapeshifter) (WizLab)
  3 ice statues (IceCv)
  An octopode (shapeshifter) (WizLab)
  5 centaur zombies
  A guardian serpent (shapeshifter) (WizLab)
  An elephant (shapeshifter) (WizLab)
  Joseph (D:9)
  Maurice (D:13)
  3 gargoyles
  An eye of devastation (shapeshifter) (WizLab)
  4 spiny frogs (shapeshifter) (WizLab)
  17 spiny frogs
  A smoke demon (Lair:8)
  2 orange demons (Lair:8)
  11 komodo dragons
  5 ice devils (Lair:8)
  2 efreet
  2 yaktaurs
  7 rime drakes
  A hellwing (Lair:8)
  A yaktaur (shapeshifter) (WizLab)
  A kobold demonologist (D:12)
  2 komodo dragons (shapeshifter) (WizLab)
  2 redback zombies (D:15)
  20 demonic crawlers
  2 red devils (Lair:8)
  10 trolls
  2 trolls (shapeshifter)
  28 jumping spiders
  5 boulder beetles
  2 jumping spiders (shapeshifter) (WizLab)
  A harpy skeleton (D:15)
  2 slime creatures (D:15)
  A two-headed ogre (D:15)
  2 polar bears
  4 blink frogs (Lair:2)
  A hornet zombie (D:12)
  A raiju (shapeshifter) (WizLab)
  7 large abominations (WizLab)
  A centaur simulacrum (D:12)
  33 redbacks
  4 water elementals (Elf:1)
  2 wraiths (D:15)
  Sigmund (D:6)
  3 fire elementals
  2 wyverns
  A tarantella (shapeshifter) (WizLab)
  30 tarantellas
  A basilisk (shapeshifter) (D:15)
  61 yaks
  A golden eye (shapeshifter) (WizLab)
  A hippogriff (shapeshifter) (Elf:2)
  Eustachio (D:6)
  A human (shapeshifter) (WizLab)
  A human (WizLab)
  4 vampire mosquitoes (D:14)
  7 basilisks
  14 hippogriffs
  2 hungry ghosts
  A warg (Orc:1)
  4 mottled dragons
  A hell hound (Lair:8)
  4 giant eyeballs (WizLab)
  20 water moccasins
  12 porcupines
  A giant eyeball (shapeshifter) (Elf:2)
  34 orc warriors
  2 slaves (D:6)
  4 sky beasts
  A black bear (D:7)
  5 phantoms
  19 ice beasts
  An eye of draining (shapeshifter) (D:15)
  4 wasps
  An ogre (shapeshifter) (D:12)
  4 boggarts (D:15)
  6 small abominations (WizLab)
  A wolf (shapeshifter) (WizLab)
  21 wolves
  19 ogres
  6 centaurs
  12 crocodiles
  22 giant frogs
  A gnoll sergeant (D:12)
  13 big kobolds
  An earth elemental (Elf:2)
  A giant frog (shapeshifter) (WizLab)
  10 scorpions
  A scorpion (shapeshifter) (WizLab)
  A water moccasin skeleton (D:7)
  18 killer bees
  12 howler monkeys
  4 wights (D:12)
  An electric eel (Lair:7)
  7 crimson imps
  2 giant frog zombies
  A quasit (D:7)
  4 hounds
  7 jellies
  36 orc priests
  Crazy Yiuf (D:6)
  2 giant frog skeletons
  43 orc wizards
  9 centaur skeletons
  14 iguanas
  10 worker ants
  3 hell rats
  11 sheep
  A hound zombie (D:10)
  29 adders
  9 gnolls
  A howler monkey skeleton (D:4)
  65 river rats
  2 shadow imps
  2 oozes (D:2)
  A dart slug (D:2)
  5 giant geckos
  120 orcs
  7 bats
  8 giant cockroaches
  7 goblins
  5 hobgoblins
  18 jackals
  41 kobolds
  2 quokkas
  A giant gecko skeleton (D:4)
  3 giant newts
  A jackal skeleton (D:4)
  5 rats
1375 creatures vanquished.

Vanquished Creatures (collateral kills)
  A ghost moth (Spider:4)
  A wolf spider (Spider:4)
  A jumping spider (Spider:4)
3 creatures vanquished.

Vanquished Creatures (others)
  Urug (Lair:3)
  A wolf spider (D:7)
  6 ball lightnings
  A yaktaur (D:15)
  2 water elementals (Elf:1)
  An orc wizard (Orc:2)
  23 fungi
  12 plants
47 creatures vanquished.

Grand Total: 1425 creatures vanquished

Notes
Turn   | Place    | Note
--------------------------------------------------------------
     0 | D:1      | lorenzova the Deep Elf Conjurer began the quest for the Orb.
     0 | D:1      | Reached XP level 1. HP: 10/10 MP: 6/6
   270 | D:1      | Reached XP level 2. HP: 15/15 MP: 1/8
   947 | D:2      | Reached skill level 4 in Spellcasting
   997 | D:2      | Reached XP level 3. HP: 19/19 MP: 8/10
   999 | D:2      | Reached skill level 5 in Conjurations
  1814 | D:3      | Reached XP level 4. HP: 24/24 MP: 9/12
  1841 | D:3      | Learned a level 4 spell: Iskenderun's Mystic Blast
  2019 | D:3      | You fall through a shaft for 2 floors!
  2019 | D:5      | Entered Level 5 of the Dungeon
  2019 | D:5      | Found an ancient bone altar of Kikubaaqudgha.
  2019 | D:5      | Found a blossoming altar of Fedhas.
  2019 | D:5      | Found a shadowy altar of Dithmenos.
  2019 | D:5      | Found a deep blue altar of Sif Muna.
  2019 | D:5      | Noticed an ice beast
  2024 | D:5      | Killed an ice beast
  2024 | D:5      | Reached skill level 5 in Spellcasting
  2024 | D:5      | Reached XP level 5. HP: 20/28 MP: 6/15
  2187 | D:5      | Became a worshipper of Sif Muna the Loreminder
  2236 | D:5      | Noticed a phantom
  2270 | D:5      | Killed a phantom
  2270 | D:5      | Reached skill level 6 in Spellcasting
  2475 | D:5      | Reached XP level 6. HP: 32/32 MP: 12/17
  3156 | D:4      | Noticed a sky beast
  3168 | D:4      | Noticed Rationalist's ghost (amateur MiGl)
  3693 | D:4      | Killed a sky beast
  3693 | D:4      | Reached skill level 7 in Spellcasting
  3849 | D:4      | Reached * piety under Sif Muna
  4328 | D:4      | Reached XP level 7. HP: 36/36 MP: 10/20
  4909 | D:5      | Found a white marble altar of Elyvilon.
  4911 | D:5      | Reached skill level 8 in Spellcasting
  5407 | D:5      | Reached ** piety under Sif Muna
  5498 | D:5      | Reached skill level 9 in Spellcasting
  5685 | D:5      | Reached XP level 8. HP: 41/41 MP: 18/23
  5898 | D:5      | Found an iron altar of Okawaru.
  6182 | D:6      | Noticed Pikel
  6252 | D:6      | Noticed Sigmund
  6370 | D:5      | Killed Pikel
  6370 | D:5      | Reached *** piety under Sif Muna
  6370 | D:5      | Reached skill level 10 in Spellcasting
  6591 | D:6      | Killed Sigmund
  6775 | D:6      | Reached skill level 11 in Spellcasting
  6775 | D:6      | Reached skill level 10 in Conjurations
  6794 | D:6      | Reached XP level 9. HP: 45/45 MP: 3/26
  7558 | D:6      | Noticed Eustachio
  7595 | D:6      | Killed Eustachio
  7595 | D:6      | Reached **** piety under Sif Muna
  7965 | D:6      | Noticed Crazy Yiuf
  7967 | D:6      | Killed Crazy Yiuf
  8473 | D:7      | Found an oddly glowing altar of Pakellas.
  8473 | D:7      | Noticed a wolf spider
  8490 | D:7      | Killed a wolf spider
  8697 | D:7      | Reached skill level 12 in Spellcasting
  8955 | D:7      | Reached ***** piety under Sif Muna
  9661 | D:7      | Learned a level 5 spell: Iskenderun's Battlesphere
 10013 | D:7      | Found a staircase to the Ecumenical Temple.
 10046 | D:7      | Reached skill level 13 in Spellcasting
 10326 | D:8      | Reached XP level 10. HP: 50/50 MP: 19/29
 11389 | D:9      | Reached ****** piety under Sif Muna
 11389 | D:9      | Received a gift from Sif Muna
 11444 | D:9      | Identified Sif Muna's Collected Works on the Lucky Oath (Sif Muna gifted it to you on level 9 of the Dungeon)
 11507 | D:9      | Noticed Joseph
 11514 | D:9      | Killed Joseph
 11764 | D:9      | Reached skill level 14 in Spellcasting
 12064 | D:9      | Noticed a gargoyle
 12066 | D:9      | Killed a gargoyle
 12232 | D:9      | Found a bloodstained altar of Trog.
 12460 | D:9      | Learned a level 2 spell: Swiftness
 12482 | D:10     | Entered Level 10 of the Dungeon
 12579 | D:10     | Reached skill level 1 in Charms
 12735 | D:10     | Reached skill level 1 in Air Magic
 13170 | D:10     | Found a staircase to the Lair.
 14033 | D:11     | Found a portal to a secret trove of treasure.
 14177 | D:11     | Reached XP level 11. HP: 54/54 MP: 17/31
 14579 | D:11     | Noticed a hill giant
 14601 | D:11     | Killed a hill giant
 14812 | D:12     | Noticed an iron golem
 14817 | D:12     | Noticed an iron golem
 14936 | D:10     | Found Kaadol's Antique Armour Shop.
 14975 | D:10     | Noticed a hill giant
 14987 | D:10     | Killed a hill giant
 14987 | D:10     | Reached skill level 5 in Charms
 15088 | D:10     | Bought a dull robe for 188 gold pieces
 15099 | D:10     | Identified the +0 robe "Ituj" {rC+ MR- Dex+6} (You bought it in a shop on level 10 of the Dungeon)
 15100 | D:10     | Bought an ancient leather armour for 231 gold pieces
 15111 | D:10     | Identified the +4 leather armour "Erung" {*Corrode rC++ MP+9 Dex+4} (You bought it in a shop on level 10 of the Dungeon)
 15185 | D:12     | Noticed Gastronok
 15187 | D:12     | Noticed Maud
 15265 | Lair:1   | Entered Level 1 of the Lair of Beasts
 15587 | Lair:1   | Received a gift from Sif Muna
 15590 | Lair:1   | Identified Sif Muna's Collected Works on Noxious Enchantment (Sif Muna gifted it to you on level 1 of the Lair of Beasts)
 15618 | Lair:1   | Learned a level 1 spell: Apportation
 15816 | Lair:1   | Reached skill level 1 in Invocations
 15825 | Lair:1   | Reached skill level 1 in Evocations
 16166 | Lair:1   | Noticed a six-headed hydra
 16171 | Lair:1   | Killed a six-headed hydra
 16171 | Lair:1   | Reached skill level 15 in Spellcasting
 16600 | Lair:1   | Noticed olma's ghost (journeyman MiBe)
 16611 | Lair:1   | Killed olma's ghost
 17458 | Lair:2   | Reached skill level 5 in Invocations
 17730 | Lair:2   | Reached skill level 5 in Evocations
 17939 | Lair:2   | Reached XP level 12. HP: 59/59 MP: 33/33
 18659 | Lair:3   | Reached skill level 1 in Translocations
 18665 | Lair:3   | Noticed Urug
 18997 | Lair:3   | Killed Urug
 19235 | Lair:3   | Reached skill level 16 in Spellcasting
 19649 | Lair:3   | Received a gift from Sif Muna
 19719 | Lair:3   | Learned a level 4 spell: Sticky Flame
 19725 | Lair:3   | Learned a level 5 spell: Fireball
 19762 | Lair:3   | Reached skill level 5 in Air Magic
 20595 | Lair:3   | You fall through a shaft for 2 floors!
 20679 | Lair:5   | Reached XP level 13. HP: 63/63 MP: 32/35
 21021 | Lair:5   | Found a staircase to the Swamp.
 22234 | Lair:3   | Reached skill level 1 in Armour
 22234 | Lair:3   | Reached skill level 1 in Fire Magic
 22492 | Lair:3   | Gained mutation: You are partially covered in yellow scales (AC +2). [potion of beneficial mutation]
 23838 | Lair:4   | Learned a level 3 spell: Conjure Flame
 24014 | Lair:5   | Received a gift from Sif Muna
 24015 | Lair:5   | Identified Sif Muna's Further Progress in Witchery (Sif Muna gifted it to you on level 5 of the Lair of Beasts)
 24091 | Lair:4   | Learned a level 6 spell: Conjure Ball Lightning
 24098 | Lair:4   | Learned a level 6 spell: Haste
 24634 | Lair:6   | Got an ancient ivory ring
 24635 | Lair:6   | Identified the ring of Idoth {rElec Int+4} (You found it on level 6 of the Lair of Beasts)
 25078 | Lair:6   | Found a hole to the Spider Nest.
 25141 | Lair:6   | Got a twisted long sword
 25142 | Lair:6   | Identified the +7 long sword "Ziklumeo" {freeze, Str+4} (You found it on level 6 of the Lair of Beasts)
 25207 | Lair:6   | Found a staircase to the Slime Pits.
 25222 | Lair:6   | Reached skill level 15 in Conjurations
 25255 | Lair:6   | Found a viscous altar of Jiyva.
 25924 | Lair:6   | Reached skill level 5 in Translocations
 27551 | Lair:8   | Entered Level 8 of the Lair of Beasts
 28003 | Lair:8   | Reached XP level 14. HP: 68/68 MP: 35/36
 28371 | Lair:8   | Reached skill level 17 in Spellcasting
 28708 | Lair:8   | Reached skill level 5 in Armour
 29213 | Lair:8   | Received a gift from Sif Muna
 29214 | Lair:8   | Identified Sif Muna's Handbook of Boosting Damage Dealing (Sif Muna gifted it to you on level 8 of the Lair of Beasts)
 29961 | Lair:8   | Found a burning altar of Makhleb.
 30439 | Lair:8   | Found a gateway to Hell.
 30995 | Lair:5   | Reached skill level 5 in Fire Magic
 31237 | Lair:1   | Learned a level 2 spell: Repel Missiles
 31244 | Lair:1   | Learned a level 6 spell: Dispersal
 31834 | D:12     | Reached skill level 5 in Stealth
 32102 | D:12     | Found a staircase to the Orcish Mines.
 32231 | D:12     | Killed Maud
 32568 | D:12     | Noticed Harold
 32572 | D:12     | Killed Harold
 32572 | D:12     | Reached skill level 5 in Dodging
 32953 | D:12     | Killed Gastronok
 34056 | D:13     | Noticed Maurice
 34065 | D:13     | Killed Maurice
 34065 | D:13     | Received a gift from Sif Muna
 34066 | D:13     | Identified Sif Muna's Handbook of Air (Sif Muna gifted it to you on level 13 of the Dungeon)
 34127 | D:13     | Reached skill level 10 in Charms
 34127 | D:13     | Reached XP level 15. HP: 72/72 MP: 27/38
 34836 | Lair:1   | Identified 2 scrolls of acquirement
 35750 | D:12     | Got an ancient jade ring
 35872 | D:12     | Identified the ring of Imufunar {*Confuse rElec rF++ MP+9} (You found it on level 12 of the Dungeon)
 35936 | D:14     | Reached skill level 1 in Shields
 36859 | D:14     | Found a stormy altar of Qazlal.
 36932 | D:14     | Found a glowing silver altar of Zin.
 36933 | D:14     | Found a runed door.
 37519 | D:14     | Paralysed by an orc sorcerer for 3 turns
 38044 | D:14     | Found a gate to the Vaults.
 38307 | D:15     | Entered Level 15 of the Dungeon
 38888 | Orc:1    | Entered Level 1 of the Orcish Mines
 38938 | Orc:1    | Found a frozen archway.
 39080 | IceCv    | Entered an ice cave
 39160 | IceCv    | Got a distressingly furry leather armour
 39186 | IceCv    | Identified the +3 leather armour "Waebub" {rF+ Regen+ Dex+2 Stlth+} (You found it in an ice cave)
 39480 | IceCv    | Got a pitted granite ring
 39498 | IceCv    | Identified the ring of Finality {Int+2 SInv} (You found it in an ice cave)
 39634 | Orc:1    | Noticed an orc warlord
 39644 | Orc:1    | Killed an orc warlord
 39644 | Orc:1    | Received a gift from Sif Muna
 39645 | Orc:1    | Identified Sif Muna's Disquisition on Glacial Creation (Sif Muna gifted it to you on level 1 of the Orcish Mines)
 40255 | Orc:1    | Noticed Erolcha
 40258 | Orc:1    | Killed Erolcha
 40313 | Orc:1    | Found Gulailaa's Book Boutique.
 40593 | Orc:2    | Entered Level 2 of the Orcish Mines
 40593 | Orc:2    | Found a staircase to the Elven Halls.
 41178 | Orc:2    | Reached skill level 18 in Spellcasting
 41524 | Orc:2    | Learned a level 7 spell: Orb of Destruction
 42054 | Orc:2    | Found Nosoagepp's Assorted Antiques.
 42054 | Orc:2    | Found Loplolo's Book Shoppe.
 42057 | Orc:2    | Found Joemp's Weapon Emporium.
 42057 | Orc:2    | Found Naryser's General Store.
 42410 | Orc:2    | Bought a potion of heal wounds for 155 gold pieces
 42410 | Orc:2    | Bought a scroll of identify for 62 gold pieces
 42410 | Orc:2    | Bought a potion of invisibility for 248 gold pieces
 42412 | Orc:2    | Bought a potion of flight for 36 gold pieces
 42412 | Orc:2    | Bought a scroll of identify for 24 gold pieces
 42946 | Elf:1    | Entered Level 1 of the Elven Halls
 43019 | Elf:1    | Reached XP level 16. HP: 73/76 MP: 7/40
 43340 | Elf:1    | Found a magical portal.
 43387 | WizLab   | Entered Cigotuvi's Fleshworks
 44436 | WizLab   | Noticed Cigotuvi's Monster
 44554 | WizLab   | Received a gift from Sif Muna
 44555 | WizLab   | Identified Sif Muna's Volume of Feathers and Hexes (Sif Muna gifted it to you in a wizard's laboratory)
 44743 | WizLab   | Killed Cigotuvi's Monster
 46042 | WizLab   | Noticed a golden dragon
 46042 | WizLab   | an iron dragon changed into a golden dragon
 46057 | WizLab   | Noticed a shard shrike
 46063 | WizLab   | Noticed an iron giant
 46063 | WizLab   | a shard shrike changed into an iron giant
 46536 | WizLab   | Got a pitted jade ring
 46946 | WizLab   | Identified Cigotuvi's Handbook of Ghastly Changing
 47128 | Elf:1    | Gained mutation: You possess an exceptional clarity of mind. [potion of beneficial mutation]
 47129 | Elf:1    | Gained mutation: You are robust (+10% HP). [potion of beneficial mutation]
 47130 | Elf:1    | Gained mutation: You have large cloven feet. [potion of beneficial mutation]
 47131 | Elf:1    | Gained mutation: You are partially covered in icy blue scales (AC +1). [potion of beneficial mutation]
 47132 | Elf:1    | Gained mutation: You can translocate small distances at will. [potion of beneficial mutation]
 47864 | Elf:1    | Gained mutation: You have very sharp teeth. [potion of beneficial mutation]
 48467 | Elf:1    | Identified the cursed ring of Kuschen {rF+ rC+ Str-3 Int+3} (You found it in a wizard's laboratory)
 48514 | Elf:2    | Received a gift from Sif Muna
 48514 | Elf:2    | Reached skill level 10 in Translocations
 48515 | Elf:2    | Noticed Louise
 48521 | Elf:2    | Killed Louise
 48521 | Elf:2    | Reached skill level 19 in Spellcasting
 48523 | Elf:2    | Identified Sif Muna's Handbook of the Glacier and Weightlessness (Sif Muna gifted it to you on level 2 of the Elven Halls)
 48904 | Elf:2    | Learned a level 6 spell: Deflect Missiles
 48970 | Elf:2    | Noticed a Tzitzimitl
 49258 | Elf:2    | Reached XP level 17. HP: 87/87 MP: 37/42
 49502 | Elf:2    | Noticed Asterion
 49509 | Elf:2    | Killed Asterion
 49509 | Elf:2    | Reached skill level 10 in Fire Magic
 49738 | Elf:2    | Found a huge runed gate.
 49738 | Elf:2    | Found a huge runed gate.
 49740 | Elf:2    | Found a huge runed gate.
 49742 | Elf:2    | Found a huge runed gate.
 49743 | Elf:2    | Found a huge runed gate.
 51266 | Elf:2    | Received a gift from Sif Muna
 51267 | Elf:2    | Identified Sif Muna's Collected Works on Captivating Orientation (Sif Muna gifted it to you on level 2 of the Elven Halls)
 51341 | Elf:3    | Entered Level 3 of the Elven Halls
 51619 | Lair:1   | Learned a level 5 spell: Bolt of Magma
 53939 | D:15     | Found a staircase to the Depths.
 54400 | Slime:1  | Entered Level 1 of the Pits of Slime
 54400 | Slime:1  | Noticed an acid blob
 54622 | Lair:6   | Reached skill level 20 in Spellcasting
 54721 | Hell     | Entered the Vestibule of Hell
 54721 | Hell     | Noticed Geryon
 54927 | Lair:1   | Learned a level 6 spell: Bolt of Cold
 55058 | Spider:1 | Entered Level 1 of the Spider Nest
 55801 | Spider:1 | Noticed Frances
 55828 | Spider:1 | Killed Frances
 55828 | Spider:1 | Reached skill level 1 in Ice Magic
 56491 | Spider:2 | Noticed PeterLawrence's ghost (adept MiFi)
 56803 | Spider:1 | Reached XP level 18. HP: 44/92 MP: 5/44
 57583 | Spider:2 | Received a gift from Sif Muna
 57587 | Spider:2 | Identified Sif Muna's Grimoire of Burning Attacks (Sif Muna gifted it to you on level 2 of the Spider Nest)
 58069 | Spider:2 | Killed PeterLawrence's ghost
 59162 | Spider:2 | Reached skill level 10 in Stealth
 59496 | Spider:3 | Noticed Wiglaf
 59527 | Spider:3 | Killed Wiglaf
 60294 | Spider:3 | Reached skill level 5 in Ice Magic
 61080 | Spider:3 | Found a roughly hewn altar of Beogh.
 61389 | Spider:4 | Entered Level 4 of the Spider Nest
 63018 | Spider:4 | Reached skill level 10 in Dodging
 63110 | Spider:4 | Lost mutation: You are partially covered in yellow scales (AC +2). [potion of cure mutation]
 63110 | Spider:4 | Lost mutation: You can translocate small distances at will. [potion of cure mutation]
 63110 | Spider:4 | Lost mutation: You possess an exceptional clarity of mind. [potion of cure mutation]
 63110 | Spider:4 | Lost mutation: You are robust (+10% HP). [potion of cure mutation]
 63110 | Spider:4 | Lost mutation: You have large cloven feet. [potion of cure mutation]
 63110 | Spider:4 | Lost mutation: You are partially covered in icy blue scales (AC +1). [potion of cure mutation]
 63117 | Spider:4 | HP: 2/85 [wolf spider (4)]
 63608 | Spider:4 | HP: 3/85 [poisoned by a wolf spider]
 63624 | Spider:4 | Received a gift from Sif Muna
 63817 | Spider:4 | Identified Sif Muna's Volume of Fiery Confrontation (Sif Muna gifted it to you on level 4 of the Spider Nest)
 63888 | Spider:4 | Slain by a wolf spider

Skill      XL: |  1  2  3  4  5  6  7  8  9 10 11 12 13 14 15 16 17 18 |
---------------+-------------------------------------------------------+-----
Spellcasting   | 4 5 6 7 9 11 13 14 15 16 17 18 19 20 | 20.9
Conjurations   | 5 6 7 8 10 11 13 14 15 16 17 18 | 18.4
Charms         | 4 5 7 10 11 | 11.3
Air Magic      | 2 3 5 6 7 8 |  8.5
Invocations    | 5 6 |  6.0
Evocations     | 5 6 |  6.0
Translocations | 4 5 6 8 10 11 | 11.4
Dodging        | 4 5 7 8 10 | 10.0
Stealth        | 4 5 6 7 9 11 | 11.0
Armour         | 4 6 |  6.1
Fire Magic     | 4 5 7 9 10 | 10.9
Shields        | 4 |  4.1
Ice Magic      | 2 6 |  6.6

Action                   |  1- 3 |  4- 6 |  7- 9 | 10-12 | 13-15 | 16-18 || total
-------------------------+-------+-------+-------+-------+-------+-------++-------
Melee: Unarmed           |     1 |       |       |       |       |       ||     1
       Dagger            |     1 |     9 |    16 |    26 |     3 |       ||    55
       Long sword        |       |       |       |       |   119 |    15 ||   134
       Staff             |       |       |       |       |    12 |    26 ||    38
       Kick              |       |       |       |       |       |    10 ||    10
       Bite              |       |       |       |       |       |     3 ||     3
 Cast: Magic Dart        |    71 |    83 |   262 |   414 |   795 |   682 ||  2307
       Iskenderun's Myst |       |    19 |    72 |   122 |   226 |   374 ||   813
       Iskenderun's Batt |       |       |     8 |   101 |   195 |   192 ||   496
       Sticky Flame      |       |       |       |     7 |    60 |    62 ||   129
       Apportation       |       |       |       |     1 |       |       ||     1
       Fireball          |       |       |       |       |    45 |    14 ||    59
       Conjure Ball Ligh |       |       |       |       |     5 |       ||     5
       Haste             |       |       |       |       |    13 |    18 ||    31
       Conjure Flame     |       |       |       |       |     9 |     1 ||    10
       Repel Missiles    |       |       |       |       |     1 |       ||     1
       Swiftness         |       |       |       |       |     1 |       ||     1
       Dispersal         |       |       |       |       |     2 |     2 ||     4
       Orb of Destructio |       |       |       |       |       |    24 ||    24
       Deflect Missiles  |       |       |       |       |       |     3 ||     3
       Bolt of Cold      |       |       |       |       |       |     6 ||     6
Invok: Channel Energy    |       |       |       |     1 |     2 |       ||     3
 Abil: Blink             |       |       |       |       |       |    19 ||    19
Evoke: Wand              |       |       |       |       |     1 |     6 ||     7
  Use: Scroll            |       |     4 |     4 |     5 |    13 |    19 ||    45
       Potion            |       |       |       |       |     8 |    22 ||    30
 Stab: Sleeping          |     2 |     1 |     2 |       |     3 |     2 ||    10
  Eat: Chunk             |     2 |     4 |    16 |    30 |    29 |    13 ||    94
       Fruit             |       |     8 |     2 |     2 |    31 |    12 ||    55
       Beef jerky        |       |       |     1 |     1 |     1 |     2 ||     5
       Royal jelly       |       |       |       |     1 |       |       ||     1
       Meat ration       |       |       |       |       |     2 |     6 ||     8
       Bread ration      |       |       |       |       |     2 |     2 ||     4
       Pizza             |       |       |       |       |       |     1 ||     1
Armor: Robe              |       |     7 |    22 |    12 |       |       ||    41
       Leather armour    |       |       |       |    32 |   118 |   169 ||   319
Dodge: Dodged            |     4 |    18 |    63 |    83 |   214 |   293 ||   675
       Deflected         |       |       |       |       |    11 |    14 ||    25
Block: Other             |       |       |       |    10 |    32 |       ||    42
       Reflection        |       |       |       |     2 |     9 |    10 ||    21
       Buckler           |       |       |       |       |    78 |   268 ||   346
